 Dungeon Crawl Stone Soup version 0.28-b1-1-g3c77fb2ed1 (webtiles) character file.

Game seed: 7653376988316350125

33 cbfl8 the Sneak (level 3, -1/33 HPs)
             Began as a Minotaur Delver on Jan 30, 2022.
             Hit by a boomerang thrown by an orc (3 damage)
             ... on level 4 of the Dungeon.
             The game lasted 00:00:20 (196 turns).

cbfl8 the Sneak (Minotaur Delver)                    Turns: 196, Time: 00:00:21

Health: -1/33      AC:  3    Str: 18    XL:     3   Next: 12%
Magic:  2/2        EV: 12    Int:  7    God:
Gold:   0          SH:  0    Dex: 11    Spells: 2/2 levels left

rFire   . . .      SeeInvis .   a - +0 hand axe
rCold   . . .      Faith    .   (no shield)
rNeg    . . .      Spirit   .   b - +0 leather armour
rPois   .          Reflect  .   (helmet restricted)
rElec   .          Harm     .   (no cloak)
rCorr   .          Rampage  .   (no gloves)
Will    .....                   (no boots)
Stlth   ++........              (no amulet)
HPRegen 0.11/turn               (no ring)
MPRegen 0.08/turn               (no ring)

@: no status effects
A: horns 2, retaliatory headbutt
a: no special abilities


You were on level 4 of the Dungeon.
You visited 1 branch of the dungeon, and saw 2 of its levels.

Inventory:

Hand Weapons
 a - a +0 hand axe (weapon)
Armour
 b - a +0 leather armour (worn)
Wands
 g - a wand of digging (3)
Scrolls
 c - a scroll of fog
 d - a scroll of magic mapping
 e - a scroll of fear
Potions
 f - a potion of haste


   Skills:
 + Level 3.9 Fighting
 + Level 2.5 Axes
 + Level 0.1 Armour
 + Level 2.2 Dodging
 + Level 4.8 Stealth


You had 2 spell levels left.
You didn't know any spells.
Your spell library was empty.

Dungeon Overview and Level Annotations

Branches:
Dungeon (5/15)
 Temple: D:4-7

Altars:


Innate Abilities, Weirdness & Mutations

You have a pair of horns on your head.
You reflexively headbutt those who attack you in melee.


Message History

The hound is severely wounded.
The hound barely misses you.
You hit the hound.
You kill the hound!
You have reached level 2!
You have reached level 3!
Your experience leads to an increase in your attributes!
Increase (S)trength, (I)ntelligence, or (D)exterity?
You feel stronger. x2
You start resting.
An orc priest comes into view. It is wielding a +0 flail.
The orc priest shouts!
An orc comes into view. It is wielding a +0 hand axe.
The orc shouts!
The orc priest invokes the aid of Beogh against you.
Beogh smites you!
You see here 12 gold pieces.
An orc wizard comes into view. It is wielding a +0 dagger.
The orc priest looks braver for a moment.
Found 2 poisoned darts.
Found a leather armour.
The orc priest begins to cast a cantrip, but forgets the words!
An orc comes into view. It is wielding a +0 club.
The orc shouts!
An orc comes into view. It is wielding a +0 flail.
An orc comes into view. It is wielding a +0 trident.
The orc priest mumbles some strange prayers to Beogh against you.
Beogh smites you!
* * * LOW HITPOINT WARNING * * *
The orc shouts!
The orc shouts!
You hit the orc but do no damage. You headbutt the orc!
You kill the orc!
You hit the orc. You hit the orc but do no damage.
The orc is moderately wounded.
The orc misses you. The orc hits you with a +0 hand axe.
* * * LOW HITPOINT WARNING * * *
The orc throws a boomerang.
The boomerang hits you.
You die...

###### #########
#....####(......#
##...............#
.........o..o...@#
##.###..........o.......
...# #.....#####........
..$# #....... ..o......
...#######.... .........
.........#..........o...
.........#....[.........
.........+ ...........
.........#


You could see an orc priest, an orc wizard (wandering) and 3 orcs.

Vanquished Creatures
  A hound (D:4)
  An orc (D:4)
2 creatures vanquished.

Notes
Turn   | Place    | Note
-------+----------+-------------------------------------------
     0 | D:5      | cbfl8 the Minotaur Delver began the quest for the Orb.
     0 | D:5      | Reached XP level 1. HP: 19/19 MP: 0/0
    20 | D:5      | Noticed a jelly
    32 | D:4      | Noticed a hound
    41 | D:4      | Killed a hound
    42 | D:4      | Reached XP level 2. HP: 10/27 MP: 1/1
    42 | D:4      | Reached XP level 3. HP: 13/33 MP: 2/2
   196 | D:4      | Hit by a boomerang thrown by an orc

Illustrated notes

Levels and vault maps discovered:
D:4:      layout_basic, serial_shops, kennysheep_mini,
          hangedman_decor_peaks_small
D:5:      layout_loops_ring, nicolae_overflow_hidden_temple, temple_statues,
          uniq_pikel, uniq_ijyb, uniq_blork_the_orc, uniq_duvessa

Action                   || total
-------------------------++-------
Melee: Hand axe          ||     7
       Headbutt          ||     1
Armor: Leather armour    ||     3
Dodge: Dodged            ||     4
